 Dungeon Crawl Stone Soup version 0.18-a0-23-g19353e1 (webtiles) character file.

30 Duffy the Chopper (level 3, 19/19 HPs)
             Began as a Vine Stalker Fighter on Nov 2, 2015.
             Was a Follower of Ashenzari.
             Quit the game on level 2 of the Dungeon.
             The game lasted 00:00:55 (727 turns).

Duffy the Chopper (Vine Stalker Fighter)             Turns: 727, Time: 00:00:55

Health: 19/19      AC:  6    Str: 18    XL:     3   Next: 18%
Magic:  4/4        EV:  7    Int:  9    God:    Ashenzari [*.....]
Gold:   23         SH:  9    Dex: 13    Spells: 0 memorised, 2 levels left

rFire  . . .     SeeInvis .     a - +0 war axe
rCold  . . .     Clarity  .     b - +0 scale mail
rNeg   . . .     SustAt   .     c - +0 shield
rPois  .         Gourm    .     (no helmet)
rElec  .         Spirit   +     (no cloak)
rCorr  .         Warding  .     (no gloves)
rMut   .         Stasis   .     (no boots)
MR     .....                    (no amulet)
Stlth  ..........               (no ring)
                                (no ring)

@: not resistant to hostile enchantments, extremely unstealthy
A: fangs 2, regeneration 1, magic shield, antimagic bite, no device heal 3, rot
immunity
a: Scrying, Renounce Religion


You were on level 2 of the Dungeon.
You worshipped Ashenzari.
Ashenzari was aware of your devotion.
You were not hungry.

You visited 1 branch of the dungeon, and saw 2 of its levels.

You collected 23 gold pieces.


Innate Abilities, Weirdness & Mutations

You have extremely sharp teeth.
Your natural rate of healing is unusually fast.
When hurt, damage is shared between your health and your magic reserves.
Your bite disrupts and absorbs the magic of your enemies.
Potions and wands cannot restore your health.
You are immune to rotting.


   Skills:
 - Level 2.6 Fighting
 + Level 3.2 Axes
 - Level 2.4 Armour
 - Level 2.6 Shields


You had 2 spell levels left.
You didn't know any spells.

Inventory:

Hand Weapons
 a - a +0 war axe (weapon)
Missiles
 g - 40 stones (quivered)
Armour
 b - a +0 scale mail (worn)
 c - a +0 shield (worn)
Scrolls
 h - a scroll of identify {unknown}
 j - 2 scrolls of remove curse
 k - a scroll of immolation {unknown}
 m - 3 scrolls of enchant weapon {unknown}
 n - a scroll of amnesia {unknown}
Potions
 d - a potion of might
 f - a potion of resistance {unknown}
 l - 2 potions of haste {unknown}
Comestibles
 e - 2 bread rations
 i - a meat ration

Dungeon Overview and Level Annotations

Branches:
Dungeon (2/15)

Altars:
Ashenzari


Message History

No target in view!
No target in view!
No target in view!
There is a stone staircase leading down here.
You climb downwards.
A giant newt comes into view.
Found 3 scrolls labeled DAICUZ XAUPOAF.
There is a stone staircase leading up here.
A giant newt is nearby!
You block the giant newt's attack.
You barely miss the giant newt. You bite the giant newt. You drain its power.
You kill the giant newt!
No target in view!
No target in view!
No target in view!
No target in view!
No target in view!
No target in view!
No target in view!
No target in view!
No target in view!
Found a faded altar to an unknown god.
m - 3 scrolls labeled DAICUZ XAUPOAF
n - a scroll labeled JOCYCY FALA A giant cockroach comes into view.
A giant cockroach is nearby!
You see here a bubbling black potion.
Found a brass ring.
There is a faded altar to an unknown god here.
This altar will convert you to a god.
You cannot discern which.
Do you pray? Ashenzari accepts your prayer! Ashenzari welcomes you!
j - 2 scrolls of remove curse You can now scry through walls.
Are you sure you want to abandon this character and quit the game? (Confirm with "yes".)

.... ....
##..# #...## #
####.#..###.#
#.......?...
#...8....#
####..8.8!..##
.....8.@s8...#
.#....8.8..#.#
#.#...8...# .#
#.........# #
###......### #
#
#.##.....#.#.#
#. #...#.#...#
#= ##.....#
#.###.#..†#


You could see a giant cockroach.

Action                   || total
-------------------------++-------
Melee: War axe           ||    77

Notes
Turn   | Place    | Note
--------------------------------------------------------------
     0 | D:1      | Duffy the Vine Stalker Fighter began the quest for the Orb.
     0 | D:1      | Reached XP level 1. HP: 11/11 MP: 2/2
    58 | D:1      | Reached skill level 2 in Axes
   138 | D:1      | Reached XP level 2. HP: 16/16 MP: 3/3
   326 | D:1      | Reached skill level 3 in Axes
   426 | D:1      | Reached XP level 3. HP: 16/19 MP: 4/4
   713 | D:2      | Found a faded altar to an unknown god.
   727 | D:2      | Became a worshipper of Ashenzari the Shackled
   727 | D:2      | Reached * piety under Ashenzari
   727 | D:2      | Quit the game

Vault maps used:
D:1:      elethiomel_arrival_maze, minmay_misc_feat_x
D:2:      first_bread, ecumenical_altar_2

Vanquished Creatures
  A worm
  A giant gecko
  2 giant cockroaches
  2 goblins
  5 hobgoblins
  3 bats
  4 giant newts
  5 kobolds
  2 rats
25 creatures vanquished.
